 Dungeon Crawl Stone Soup version 0.20.1-1-g8b1a95d (webtiles) character file.

3437 KoningWillie the Grappler (level 9, -6/84 HPs)
             Began as a Troll Monk on Sept 24, 2017.
             Mangled by a hornet (14 damage)
             ... on level 8 of the Dungeon.
             The game lasted 00:10:05 (5621 turns).

KoningWillie the Grappler (Troll Monk)              Turns: 5621, Time: 00:10:05

Health: -6/84      AC:  5    Str: 24    XL:     9   Next: 77%
Magic:  8/8        EV: 12    Int:  6    God:
Gold:   319        SH:  0    Dex: 12    Spells: 8/8 levels left

rFire    . . .     SeeInvis .     - Unarmed
rCold    . . .     Gourm    +   (no shield)
rNeg     . . .     Faith    .   a - +0 robe
rPois    .         Spirit   .   (helmet restricted)
rElec    .         Reflect  .   (no cloak)
rCorr    .         Harm     .   (gloves unavailable)
MR       .....                  (boots unavailable)
Stlth    ++........             (no amulet)
Regen    0.7/turn               (no ring)
MPRegen  0.2/turn               (no ring)

@: slowed, very slow
A: unfitting armour, claws 3, fast metabolism 3, gourmand, regeneration 1,
shaggy fur 1, tough skin 2
a: no special abilities


You were on level 8 of the Dungeon.
You were very full.

You visited 1 branch of the dungeon, and saw 9 of its levels.

You collected 319 gold pieces.

Inventory:

Armour
 a - a +0 robe (worn)
Jewellery
 r - an uncursed ring of fire {unknown}
 w - an uncursed ring of wizardry {unknown}
Wands
 c - a wand of paralysis (8/24)
 f - a wand of digging (17/24)
 D - a wand of iceblast (5/15)
Scrolls
 e - a scroll of fear {unknown}
 j - a scroll of remove curse {unknown}
 k - 3 scrolls of recharging
 l - 2 scrolls of blinking {unknown}
 o - 3 scrolls of identify {unknown}
 p - 3 scrolls of amnesia {unknown}
 s - 3 scrolls of teleportation {unknown}
 t - a scroll of enchant armour {unknown}
 v - a scroll of enchant weapon {unknown}
 y - 2 scrolls of fog {unknown}
Potions
 d - a potion of invisibility
 g - a potion of curing
 h - 2 potions of degeneration {unknown}
 i - a potion of magic {unknown}
 m - a potion of cancellation {unknown}
 n - a potion of mutation {unknown}
 x - a potion of flight {unknown}
 z - 2 potions of lignification {unknown}
 B - a potion of heal wounds {unknown}
Books
 A - a book of Battle

   Spells                             Type                      Level
   a - Infusion                       Charms                       1
   b - Shroud of Golubria             Charms/Translocation         2
   c - Song of Slaying                Charms                       2
   d - Spectral Weapon                Hexes/Charms                 3
   e - Regeneration                   Charms/Necromancy            3
 C - a book of Conjurations

   Spells                             Type                      Level
   a - Magic Dart                     Conjuration                  1
   b - Searing Ray                    Conjuration                  2
   c - Dazzling Spray                 Conjuration/Hexes            3
   d - Fulminant Prism                Conjuration/Hexes            4
   e - Force Lance                    Conjuration/Translocation    4
   f - Iskenderun's Mystic Blast      Conjuration                  4
Comestibles
 b - 3 bread rations
 q - 2 royal jellies
 u - 4 fruits


   Skills:
 + Level 3.9 Fighting
 + Level 6.0 Dodging
 + Level 3.5 Stealth
 + Level 10.8 Unarmed Combat


You had 8 spell levels left.
You didn't know any spells.

Dungeon Overview and Level Annotations

Branches:
Dungeon (9/15)             Temple (0/1) D:6
   Lair: D:8-11         Orc: D:9-12

Altars:
Ashenzari
Fedhas
Hepliaklqana
Makhleb
Nemelex Xobeh
Qazlal
Vehumet
Yredelemnul

Annotations:
D:3 Azo's ghost, amateur OgWz
D:4 Dowan; Duvessa; Ijyb
D:5 Menkaure


Innate Abilities, Weirdness & Mutations

You are too large for most types of armour.
You have claws for hands.
Your metabolism is lightning-fast.
You like to eat raw meat.
Your natural rate of healing is unusually fast.
You are covered in fur. (AC +1)
You have very tough skin. (AC +2)


Message History

Really abort (and waste the scroll)? [Y]es or [N]o only, please.
Really abort (and waste the scroll)?
Uppercase [Y]es or [N]o only, please.
Really abort (and waste the scroll)?
Uppercase [Y]es or [N]o only, please.
Really abort (and waste the scroll)?
Uppercase [Y]es or [N]o only, please.
Really abort (and waste the scroll)?
Okay, then.
* * * LOW HITPOINT WARNING * * *
You feel very sick. The hornet stings you.
* * * LOW HITPOINT WARNING * * *
You are more poisoned.
You feel as though you will be slow longer.
The hornet barely misses you.
Okay, then.
It was a potion of curing.
You feel better. The hornet stings you!
You die...

#.#####.# #
#.#####.# .#
#.....<.#####.#
..#####........
#........####.#
######.#...##.####
###...#..).)..#
#..........##y#
###.#####.#####@#
##.....# #....##.#
.⌠.⌠...# #.##.##.#
.._....# #.##.##.#
#⌠.⌠...# #.......#
##.....###.......#
#######.......#.#
#.#.##..#.#
#.#.....#.#


You could see a hornet.

Vanquished Creatures
  Pikel (D:8)
  Maurice (D:8)
  A spriggan (D:7)
  2 hungry ghosts
  3 wargs (D:8)
  A water moccasin (D:7)
  3 ice beasts
  2 orc warriors (D:7)
  A phantom (D:6)
  2 ogres
  2 bullfrogs
  A wyvern skeleton (D:7)
  4 killer bees (D:7)
  A howler monkey (D:9)
  A crimson imp (D:7)
  A centaur zombie (D:6)
  4 orc priests
  4 hounds
  4 orc wizards
  An iguana (D:4)
  7 worker ants
  A killer bee zombie (D:7)
  4 gnolls
  A howler monkey skeleton (D:8)
  An adder (D:3)
  2 shadow imps (D:7)
  2 adder zombies
  2 adder skeletons (D:8)
  4 dart slugs
  11 leopard geckos
  8 orcs
  4 giant cockroaches
  2 goblins (D:1)
  4 hobgoblins (D:1)
  14 jackals
  2 quokkas
  A ball python (D:2)
  6 bats
  7 frilled lizards
  5 kobolds
  2 rats
130 creatures vanquished.

Vanquished Creatures (others)
  3 slaves (D:8)
  A worker ant (D:8)
  A leopard gecko (D:8)
5 creatures vanquished.

Grand Total: 135 creatures vanquished

Notes
Turn   | Place    | Note
-------+----------+-------------------------------------------
     0 | D:1      | KoningWillie the Troll Monk began the quest for the Orb.
     0 | D:1      | Reached XP level 1. HP: 22/22 MP: 0/0
   299 | D:1      | Reached XP level 2. HP: 29/29 MP: 1/1
   700 | D:1      | Reached XP level 3. HP: 32/36 MP: 2/2
  1326 | D:2      | Found a basalt altar of Yredelemnul.
  1762 | D:2      | Reached skill level 4 in Unarmed Combat
  1913 | D:2      | Reached XP level 4. HP: 44/44 MP: 3/3
  1914 | D:2      | Found a faded altar of an unknown god.
  2373 | D:3      | Noticed Azo's ghost (amateur OgWz)
  2538 | D:4      | Reached XP level 5. HP: 30/52 MP: 4/4
  2582 | D:4      | Noticed Duvessa
  2582 | D:4      | Noticed Dowan
  2615 | D:4      | Noticed Ijyb
  2636 | D:5      | Entered Level 5 of the Dungeon
  2806 | D:5      | Noticed Menkaure
  2837 | D:6      | Reached skill level 5 in Unarmed Combat
  2957 | D:6      | Reached XP level 6. HP: 61/61 MP: 5/5
  3039 | D:6      | Found a blossoming altar of Fedhas.
  3259 | D:6      | Found a shattered altar of Ashenzari.
  3283 | D:6      | Found a stormy altar of Qazlal.
  3764 | D:6      | Reached skill level 6 in Unarmed Combat
  3764 | D:6      | Reached XP level 7. HP: 63/67 MP: 6/6
  3806 | D:6      | Found a burning altar of Makhleb.
  3935 | D:6      | Found a staircase to the Ecumenical Temple.
  4126 | D:7      | Found a hazy altar of Hepliaklqana.
  4279 | D:7      | Noticed a spriggan baker
  4287 | D:7      | Killed a spriggan baker
  4287 | D:7      | Reached skill level 7 in Unarmed Combat
  4545 | D:7      | Noticed a hungry ghost
  4557 | D:7      | Killed a hungry ghost
  4557 | D:7      | Reached XP level 8. HP: 62/75 MP: 7/7
  4581 | D:7      | Reached skill level 8 in Unarmed Combat
  4686 | D:7      | Reached skill level 5 in Dodging
  4784 | D:7      | Found a radiant altar of Vehumet.
  4927 | D:7      | Noticed a gargoyle
  5142 | D:8      | Noticed Maurice
  5160 | D:8      | Noticed Pikel
  5175 | D:8      | Killed Maurice
  5175 | D:8      | Reached skill level 9 in Unarmed Combat
  5187 | D:8      | Killed Pikel
  5187 | D:8      | Reached XP level 9. HP: 64/83 MP: 8/8
  5322 | D:9      | Noticed a two-headed ogre
  5380 | D:8      | Found a sparkling altar of Nemelex Xobeh.
  5433 | D:8      | Reached skill level 10 in Unarmed Combat
  5610 | D:8      | Paralysed by a hornet for 3 turns
  5620 | D:8      | HP: 4/84 [poisoned by a hornet]
  5620 | D:8      | HP: 1/84 [hornet (3)]
  5621 | D:8      | Mangled by a hornet

Skill      XL: |  1  2  3  4  5  6  7  8  9 |
---------------+----------------------------+-----
Unarmed Combat | 4 5 6 7 9 10 | 10.8
Dodging        | 3 4 5 6 |  6.0
Fighting       | 3 |  3.9
Stealth        | 2 3 |  3.5

Action                   |  1- 3 |  4- 6 |  7- 9 || total
-------------------------+-------+-------+-------++-------
Melee: Unarmed           |   117 |   106 |   188 ||   411
       Punch             |       |     1 |     9 ||    10
  Use: Potion            |       |       |     3 ||     3
       Scroll            |       |       |     1 ||     1
 Stab: Sleeping          |     1 |       |     1 ||     2
       Invisible         |       |       |     3 ||     3
  Eat: Chunk             |    19 |     6 |     7 ||    32
       Bread ration      |       |     1 |     3 ||     4
       Meat ration       |       |     2 |     1 ||     3
Armor: Robe              |    75 |    38 |    31 ||   144
Dodge: Dodged            |   122 |    96 |   107 ||   325
